 Dungeon Crawl Stone Soup version 0.29.1-1-gd02db6906a (webtiles) character file.

Game seed: 6182581330125820858

80 smilodon the Sneak (level 4, -2/27 HPs)
             Began as a Vampire Enchanter on Oct 7, 2022.
             Was an Initiate of Nemelex Xobeh.
             Slain by an orc
             ... wielding a +0 flail
              (4 damage)
             ... while paralysed
             ... on level 4 of the Dungeon.
             The game lasted 00:10:03 (3185 turns).

smilodon the Sneak (Vampire Enchanter)              Turns: 3185, Time: 00:10:04

Health: -2/27      AC:  3    Str:  6 (7)  XL:     4   Next: 18%
Magic:  1/7        EV:  2    Int: 14 (17) God:    Nemelex Xobeh [......]
Gold:   171        SH:  0    Dex:  0 (16) Spells: 1/8 levels left

rFire   . . .      SeeInvis +   a - +1 dagger
rCold   . . .      Faith    .   (no shield)
rNeg    . . .      Spirit   .   b - +0 robe
rPois   .          Reflect  .   p - +0 helmet
rElec   .          Harm     .   (no cloak)
rCorr   .          Rampage  .   (no gloves)
Will    .....                   (no boots)
Stlth   ..........              (no amulet)
HPRegen 0.29/turn               (no ring)
MPRegen 0.10/turn               (no ring)

@: paralysed, healing quickly, slowed, lost dexterity
A: alive, fangs 3, see invisible, vampiric 2, [frail 1]
a: Exsanguinate, Renounce Religion, Draw Escape, Draw Destruction, Draw
Summoning


You were on level 4 of the Dungeon.
You worshipped Nemelex Xobeh.
Nemelex Xobeh was noncommittal.
You visited 1 branch of the dungeon, and saw 4 of its levels.

You collected 171 gold pieces.

Inventory:

Hand Weapons
 a - a +1 dagger (weapon)
 n - a +0 rapier
Missiles
 e - 5 javelins
 f - 4 poisoned darts
 i - 2 throwing nets
Armour
 b - a +0 robe (worn)
 k - a scarf of harm
 p - a +0 helmet (worn)
Jewellery
 s - a +6 ring of dexterity
Scrolls
 g - 2 scrolls of vulnerability
 j - a scroll of silence {unknown}
 m - a scroll of identify
 q - a scroll of poison {unknown}
 r - a scroll of summoning {unknown}
 t - a scroll of fog {unknown}
Potions
 d - a potion of might {unknown}
 h - a potion of flight
 l - a potion of mutation {unknown}
 o - a potion of lignification {unknown}


   Skills:
 + Level 2.1 Short Blades
 + Level 2.9 Dodging
 + Level 5.2 Stealth
 + Level 2.5 Spellcasting
 + Level 5.1 Hexes


You had one spell level left.
You knew the following spells:

 Your Spells              Type           Power      Damage    Failure   Level
a - Ensorcelled Hibernat  Hex/Ice        18%        N/A       12%         2
b - Confusing Touch       Hex            16%        N/A       9%          3
c - Blink                 Tloc           2%         N/A       34%         2

Your spell library contained the following spells:

 Spells                   Type           Power      Damage    Failure   Level
 Tukima's Dance           Hex            16%        N/A       9%          3
 Dazzling Flash           Conj/Hex       18%        N/A       24%         3
 Manifold Assault         Tloc           1%         N/A       99%         5
 Storm Form               Tmut/Air       0%         N/A       100%        7


Dungeon Overview and Level Annotations

Branches:
Dungeon (4/15)
 Temple: D:4-7

Altars:
Cheibriados
Fedhas
Hepliaklqana
Nemelex Xobeh
Okawaru
Uskayaw
Xom

Annotations:
D:3 mkat's ghost, weakling PaGl


Innate Abilities, Weirdness & Mutations

Your natural rate of healing is accelerated.
You have razor-sharp teeth.
You have supernaturally acute eyesight. (SInv)
You are afflicted with vampirism and can become a bat while bloodless.
[You are frail. (-10% HP)]


Message History

You can move again.
Okay, then.
You hit the orc. Your punch misses the orc.
The orc is heavily wounded.
The orc barely misses you.
An orc comes into view. It is wielding a +0 dagger.
The orc shouts!
You hit the orc.
The orc is severely wounded.
The orc hits you with a +0 flail!
You barely miss the orc.
The orc is severely wounded.
The orc misses you.
You hit the orc.
The orc is almost dead.
You closely miss the orc.
The orc is almost dead.
The orc hits you but does no damage.
You barely miss the orc.
The orc is almost dead.
The orc closely misses you.
Your magical contamination has completely faded away.
You closely miss the orc.
The orc is almost dead.
The orc closely misses you.
You closely miss the orc.
The orc is almost dead.
The orc hits you with a +0 flail.
* * * LOW HITPOINT WARNING * * *
Okay, then.
It was a potion of degeneration.
There was something very wrong with that liquid.
You feel weakened.
You feel dopey.
You feel clumsy.
You have lost your dexterity.
The orc barely misses you. The orc hits you with a +0 flail.
* * * LOW HITPOINT WARNING * * *
The orc hits you with a +0 flail.
You die...
Your body disappears without a glow.

##.#...⌠. #.# ....g#
..# #......# #.#
######.... #.# #.#.#
#.# ...o #.# #.#.
#.# #... #.# ... #@#
## #.### #o# .#
#...# #o# .##
###.###o#### ..##
#.K......# #..#
#........# ##.#
#........# #.#
#........#
#.#########........#


You could see 3 orcs.

Vanquished Creatures
  A hound skeleton (D:2)
  A dart slug (D:2)
  An orc (D:3)
  8 endoplasms
  8 giant cockroaches
  7 goblins
  7 hobgoblins
  2 jackals (D:1)
  9 kobolds
  A ball python (D:2)
  A ball python skeleton (D:2)
  A ball python zombie (D:2)
  4 bats
  3 frilled lizards
  3 rats
57 creatures vanquished.

Notes
Turn   | Place    | Note
-------+----------+-------------------------------------------
     0 | D:1      | smilodon the Vampire Enchanter began the quest for the Orb.
     0 | D:1      | Reached XP level 1. HP: 13/13 MP: 3/3
   119 | D:1      | Reached XP level 2. HP: 19/19 MP: 5/5
   135 | D:1      | Learned a level 2 spell: Ensorcelled Hibernation
   423 | D:1      | Found a faded altar of an unknown god.
   502 | D:1      | Gained mutation: You are afflicted with vampirism and can
                  | become a bat while bloodless. [Vampire growth]
   502 | D:1      | Reached XP level 3. HP: 24/24 MP: 6/6
  1200 | D:2      | Reached skill level 5 in Stealth
  1200 | D:2      | Reached skill level 5 in Hexes
  1921 | D:3      | Found an iron altar of Okawaru.
  1923 | D:3      | Found a blossoming altar of Fedhas.
  1924 | D:3      | Found a snail-covered altar of Cheibriados.
  1924 | D:3      | Found a hazy altar of Hepliaklqana.
  1925 | D:3      | Found a hide-covered altar of Uskayaw.
  1925 | D:3      | Found a sparkling altar of Nemelex Xobeh.
  1941 | D:3      | Found a shimmering altar of Xom.
  1955 | D:3      | Became a worshipper of Nemelex Xobeh the Trickster
  2127 | D:3      | Found a transporter.
  2200 | D:3      | Found a transporter.
  2265 | D:3      | Noticed mkat's ghost (weakling PaGl)
  2379 | D:3      | Reached XP level 4. HP: 24/27 MP: 7/7
  2772 | D:4      | Learned a level 3 spell: Confusing Touch
  2775 | D:4      | Learned a level 2 spell: Blink
  3172 | D:4      | Paralysed by an orc for 3 turns
  3183 | D:4      | Lost dexterity.
  3185 | D:4      | Slain by an orc

Illustrated notes

Levels and vault maps discovered:
D:1:      zaba_arrival_water, layout_basic,
          hellmonk_ecumenical_altar_leap_of_faith, serial_park_tiny_pond
D:2:      layout_basic, serial_undead, serial_undead_e, serial_undead_a,
          serial_undead_a, serial_undead_f
D:3:      layout_loops_cross, grunt_temple_overflow_open,
          gammafunk_ghost_stat_death, minmay_strange_pillars
D:4:      layout_basic, good_gods_temple_1, minmay_temple_entry_sparse_star,
          minmay_misc_feat_chi

Skill      XL: |  1  2  3 |
---------------+----------+-----
Short Blades   | 2 |  2.1
Stealth        | 5 |  5.2
Hexes          | 5 |  5.1
Dodging        | |  2.9
Spellcasting   | |  2.5

Action                   |  1- 3 |  4- 6 || total
-------------------------+-------+-------++-------
Melee: Dagger            |   153 |   127 ||   280
       Bite              |    17 |     6 ||    23
       Punch             |     1 |     1 ||     2
 Cast: Ensorcelled Hiber |     2 |     5 ||     7
 Abil: Exsanguinate      |     2 |       ||     2
       Revivify          |     1 |       ||     1
  Use: Scroll            |     5 |     2 ||     7
       Potion            |     1 |     3 ||     4
 Stab: Sleeping          |    16 |     3 ||    19
Armor: Robe              |    37 |    50 ||    87
Dodge: Dodged            |   110 |   114 ||   224
